 Dungeon Crawl Stone Soup version 0.17.1-2-g5865329 (webtiles) character file.

40679 JustSomeDude the Blocker (level 13, 0/92 HPs)
             Began as a Demonspawn Fighter on Jan 17, 2016.
             Succumbed to a spiny frog's poison
             ... on level 6 of the Lair of Beasts on Jan 18, 2016.
             The game lasted 01:39:14 (22607 turns).

JustSomeDude the Blocker (Demonspawn Fighter)      Turns: 22607, Time: 01:39:14

Health: 0/92       AC: 33    Str: 21    XL:     13   Next: 75%
Magic:  5/14       EV: 18    Int: 12    God:
Gold:   1361       SH: 20    Dex: 15    Spells: 0 memorised, 12 levels left

rFire  . . .     SeeInvis +     f - +3 broad axe (elec)
rCold  + + +     Clarity  +     b - +4 ice dragon armour
rNeg   . . .     SustAt   .     n - +2 large shield {rC+}
rPois  .         Gourm    .     (helmet unavailable)
rElec  .         Spirit   +     a - +0 cloak {rC+}
rCorr  .         Warding  .     H - +0 pair of gloves
rMut   .         Stasis   .     R - +2 pair of boots
MR     +....                    r - amulet of clarity
Stlth  ++........               (no ring)
                                w - ring of fire

@: agile, lethally poisoned (0 -> -16), somewhat resistant to hostile
enchantments, unstealthy
A: antennae 3, rough black scales 3, blurry vision 1, clever 1, frail 1, magic
resistance 1, spiny 1, magic shield, magic regeneration
a: no special abilities


You were on level 6 of the Lair of Beasts.
You were not hungry.

You visited 4 branches of the dungeon, and saw 22 of its levels.
You also visited: Labyrinth, Bailey and Ice Cave.

You collected 1386 gold pieces.
You spent 25 gold pieces at shops.

Inventory:

Hand Weapons
 f - a +3 broad axe of electrocution (weapon)
 s - the +7 glaive "Aptiysmi" {antimagic, +Inv MP-9 Str+3 Dex-5}
   (You found it in an ice cave)

   It disrupts the flow of magical energy around spellcasters and certain
   magical creatures (including the wielder).
   It affects your strength (+3).
   It affects your dexterity (-5).
   It affects your magic capacity (-9).
   It lets you turn invisible.
 Z - the +5 arbalest of Mana {freeze, Dex+5}
   (You found it on level 6 of the Lair of Beasts)

   It causes projectiles fired from it to freeze those they strike, causing
   extra injury to most foes and up to half again as much damage against
   particularly susceptible opponents.
   They can also slow down cold-blooded creatures.
   It affects your dexterity (+5).
Missiles
 B - 10 tomahawks (quivered)
 P - 39 tomahawks of returning
Armour
 a - a +0 cloak of cold resistance (worn)
 b - a +4 ice dragon armour (worn)
 n - a +2 large shield of cold resistance (worn)
 H - a +0 pair of gloves (worn)
 R - a +2 pair of boots (worn)
Rods
 E - a +5 rod of clouds (14/14)
   (You found it in a labyrinth)
Jewellery
 c - the amulet of Tatiwnown {Gourm +Inv}
   (You acquired it on level 4 of the Lair of Beasts)

   [amulet of the gourmand]

   It allows you to eat raw meat even when not hungry.
   It lets you turn invisible.
 l - an uncursed ring of protection from fire {unknown}
 r - an amulet of clarity (around neck)
 w - a ring of fire (left hand)
 G - the amulet of Cekugob {Ward -Tele rElec rPois rN++ AC+1 EV+1}
   (You found it in a labyrinth)

   [amulet of warding]

   It may prevent the melee attacks of summoned creatures.
   It affects your AC (+1).
   It affects your evasion (+1).
   It insulates you from electricity.
   It protects you from poison.
   It greatly protects you from negative energy.
   It prevents most forms of teleportation.
 L - the ring of Shaolin {EV+8}
   (You found it in a labyrinth)

   [ring of evasion]

   It affects your evasion (+8).
Wands
 g - a wand of digging (8)
 i - a wand of slowing (5)
 o - a wand of flame (7)
 p - a wand of teleportation (3)
 x - a wand of slowing (34)
 y - a wand of flame (27)
 D - a wand of disintegration (9)
 J - a wand of draining (8)
 M - a wand of frost (0)
 Q - a wand of polymorph (4)
 U - a wand of paralysis (9)
 X - a wand of slowing (32)
Scrolls
 h - 4 scrolls of teleportation
 k - 2 scrolls of blinking
 m - 7 scrolls of remove curse
 u - a scroll of identify
 A - 2 scrolls of amnesia
 W - a scroll of summoning
Potions
 z - 2 potions of lignification
 C - a potion of might
 F - a potion of flight
 I - 2 potions of mutation
 O - a potion of brilliance
Books
 N - a book of Cantrips

   Spells                             Type                      Level
   a - Corona                         Hexes                        1
   b - Animate Skeleton               Necromancy                   1
   c - Summon Small Mammal            Summoning                    1
   d - Apportation                    Translocation                1
 T - a book of the Dragon

   Spells                             Type                      Level
   a - Flame Tongue                   Conjuration/Fire             1
   b - Cause Fear                     Hexes                        4
   c - Bolt of Fire                   Conjuration/Fire             6
   d - Dragon Form                    Transmutation                7
   e - Dragon's Call                  Summoning                    9
Miscellaneous
 K - a lantern of shadows
Comestibles
 e - 21 bread rations
 j - 9 meat rations
 q - 2 beef jerkies
 t - 10 fruits
 v - 3 chunks of flesh
 S - a slice of pizza


   Skills:
 + Level 9.9 Fighting
 + Level 9.9 Axes
 + Level 3.7 Throwing
 + Level 9.2 Armour
 + Level 10.0 Dodging
 + Level 2.6 Stealth
 * Level 11.6 Shields
 + Level 2.2 Evocations


You had 12 spell levels left.
You didn't know any spells.

Dungeon Overview and Level Annotations

Branches:
Dungeon (11/15)            Temple (0/1) D:4            Lair (7/8) D:8
  Swamp (1/4) Lair:4        Snake (0/4) Lair:3        Slime (0/6) Lair:7
    Orc (3/4) D:9             Elf (0/3) Orc:3

Altars:
Ashenzari
Dithmenos
Elyvilon
Fedhas
Kikubaaqudgha
Makhleb
Nemelex Xobeh
Ru
Sif Muna
Xom
Yredelemnul
Zin
The Shining One
Jiyva

Shops:
D:5 *   D:6 :   Orc:2 [

Annotations:
Lair:2 Gastronok
Lair:4 exclusion: oklob plant
Lair:7 1 runed door


Innate Abilities, Weirdness & Mutations

You have a pair of large antennae on your head (SInv).
You are completely covered in rough black scales (AC +10, Dex -3).
You are partially covered in sharp spines.
When hurt, damage is shared between your health and your magic reserves.
You regenerate magic rapidly.
Scrolls take you a little longer to read.
Your mind is acute. (Int +2)
You are frail (-10% HP).
You are resistant to hostile enchantments.


Message History

Drink which item? (? for menu, Esc to quit)
Okay, then.
Unknown command.
* * * LOW HITPOINT WARNING * * *
You feel very sick.
The blink frog is struck by your spines.
The blink frog completely misses you.
* * * LOW HITPOINT WARNING * * *
You feel sick.
* * * LOW HITPOINT WARNING * * *
You feel sick. You block the spiny frog's attack.
* * * LOW HITPOINT WARNING * * *
You feel sick.
The blink frog blinks!
Your surroundings suddenly seem different.
* * * LOW HITPOINT WARNING * * *
You feel sick.
Drink which item? (? for menu, Esc to quit)
It was a potion of agility.
You feel agile all of a sudden.
You die...

.........#....#...##
.♣......#....###..##
...♣...............#
.♣♣..♣♣............#
♣♣...♣♣♣..........##
..♣♣P♣♣♣..........##
♣♣♣♣♣♣♣............#
♣♣♣♣P♣♣♣.#####.#..P#
..♣♣.♣♣....##.##@.##
....♣♣♣......#.#..##
.♣.♣♣♣♣♣..#....##..#
♣♣♣♣.♣♣♣.###..###..#
♣♣PP♣.....##..##..##
♣.♣♣.....##...##..##
♣♣♣......##...##...#
...........#..P#..##
..................##


There were no monsters in sight!

Vanquished Creatures
  A frost giant (IceCv)
  Snorg (Lair:6)
  Josephine (Lair:6)
  A minotaur (Lab)
  5 hydras
  A death yak (Lair:7)
  An orc knight (Bailey)
  2 black mambas (Lair:1)
  10 elephants
  An ice statue (IceCv)
  A torpor snail (Lair:7)
  The ghost of Fuzzybunny the Ruffian, a novice DrTm (D:6)
  6 spiny frogs
  2 komodo dragons
  A queen bee (Lair:6)
  13 polar bears (IceCv)
  2 trolls
  2 two-headed ogres
  11 blink frogs
  A wyvern (D:10)
  4 wraiths (Lair:6)
  Sigmund (D:5)
  A basilisk (Lair:6)
  A spriggan (D:7)
  3 hippogriffs
  34 yaks
  15 wolves
  3 nagas (Lair:3)
  3 wargs
  2 hungry ghosts
  11 porcupines
  9 water moccasins
  9 ice beasts
  2 necrophages
  10 orc warriors
  3 phantoms
  3 black bears
  2 big kobolds
  8 ogres
  2 centaurs
  9 crocodiles
  16 giant frogs
  4 scorpions
  12 killer bees (Lair:6)
  9 wights
  6 crimson imps
  2 centaur zombies
  3 jellies
  3 hounds
  3 giant frog skeletons
  7 iguanas
  2 centaur skeletons
  7 orc priests
  11 orc wizards
  3 worker ants
  A sheep (Lair:1)
  The ghost of Charly the Chopper, a weakling DDGl (D:5)
  4 hound skeletons
  5 hound zombies
  51 river rats
  15 gnolls
  5 shadow imps
  14 adders
  An adder zombie (D:6)
  2 oozes
  An adder skeleton (D:6)
  6 giant geckos
  87 orcs
  8 giant cockroaches
  15 goblins
  12 hobgoblins
  9 jackals
  4 quokkas
  A ball python (D:3)
  9 bats
  A giant gecko zombie (D:7)
  5 giant newts
  31 kobolds
  8 rats
  5 fungi
  9 plants
597 creatures vanquished.

Vanquished Creatures (others)
  A river rat (Lair:2)
  8 fungi
  13 plants
22 creatures vanquished.

Grand Total: 619 creatures vanquished

Notes
Turn   | Place    | Note
--------------------------------------------------------------
     0 | D:1      | JustSomeDude the Demonspawn Fighter began the quest for the Orb.
     0 | D:1      | Reached XP level 1. HP: 18/18 MP: 1/1
   139 | D:1      | Gained mutation: You are partially covered in sharp spines. [demonic ancestry]
   139 | D:1      | Reached XP level 2. HP: 10/24 MP: 2/2
   444 | D:1      | Gained mutation: When hurt, damage is shared between your health and your magic reserves. [demonic ancestry]
   444 | D:1      | Reached XP level 3. HP: 7/29 MP: 3/3
  1170 | D:2      | Reached XP level 4. HP: 32/35 MP: 4/4
  1701 | D:3      | Reached skill level 1 in Dodging
  1953 | D:3      | Found a sacrificial altar of Ru.
  2029 | D:3      | Gained mutation: You have a pair of small antennae on your head. [demonic ancestry]
  2029 | D:3      | Reached XP level 5. HP: 42/42 MP: 5/5
  2272 | D:3      | Reached skill level 4 in Armour
  2376 | D:3      | Reached skill level 1 in Stealth
  2641 | D:4      | Gained mutation: You have a pair of antennae on your head. [demonic ancestry]
  2641 | D:4      | Reached XP level 6. HP: 44/48 MP: 6/6
  2691 | D:4      | Found a staircase to the Ecumenical Temple.
  3545 | D:5      | Entered Level 5 of the Dungeon
  3579 | D:5      | Found a blossoming altar of Fedhas.
  3616 | D:5      | Reached XP level 7. HP: 43/54 MP: 7/7
  3694 | D:5      | Found a shattered altar of Ashenzari.
  3749 | D:5      | Found a glowing golden altar of the Shining One.
  3788 | D:5      | Found Niacaqud's General Store.
  3790 | D:5      | Noticed Charly's ghost (weakling DDGl)
  3798 | D:5      | Killed Charly's ghost
  3812 | D:5      | Bought a potion of mutation for 25 gold pieces
  3993 | D:5      | Found a basalt altar of Yredelemnul.
  3993 | D:5      | Found an ancient bone altar of Kikubaaqudgha.
  3993 | D:5      | Noticed Sigmund
  4023 | D:5      | Killed Sigmund
  4103 | D:5      | Reached skill level 5 in Armour
  4135 | D:5      | Gained mutation: You regenerate magic rapidly. [demonic ancestry]
  4135 | D:5      | Reached XP level 8. HP: 49/61 MP: 6/8
  4330 | D:5      | Noticed a water moccasin
  4345 | D:5      | Killed a water moccasin
  4607 | D:6      | Reached skill level 5 in Shields
  4769 | D:6      | Found Bashrept's Book Emporium.
  4785 | D:6      | Found a shadowy altar of Dithmenos.
  4869 | D:6      | Noticed Fuzzybunny's ghost (novice DrTm)
  4892 | D:6      | Killed Fuzzybunny's ghost
  4892 | D:6      | Reached skill level 6 in Armour
  5371 | D:6      | Reached skill level 5 in Dodging
  5540 | D:6      | Found a deep blue altar of Sif Muna.
  5650 | D:6      | Reached skill level 5 in Fighting
  5650 | D:6      | Gained mutation: You are partially covered in rough black scales (AC +4, Dex -1). [demonic ancestry]
  5650 | D:6      | Reached XP level 9. HP: 66/68 MP: 9/9
  6015 | D:7      | Found a sparkling altar of Nemelex Xobeh.
  6109 | D:7      | Found a glowing silver altar of Zin.
  6246 | D:7      | Reached skill level 5 in Axes
  6254 | D:7      | Found a burning altar of Makhleb.
  6254 | D:7      | Found a shimmering altar of Xom.
  6594 | D:8      | Found a basalt altar of Yredelemnul.
  6768 | D:8      | Reached skill level 7 in Armour
  7163 | D:8      | Found a staircase to the Lair.
  7222 | D:8      | Gained mutation: You have a pair of large antennae on your head (SInv). [demonic ancestry]
  7222 | D:8      | Reached XP level 10. HP: 64/76 MP: 10/10
  8350 | D:9      | Found a white marble altar of Elyvilon.
  8516 | D:9      | Found a staircase to the Orcish Mines.
  8892 | D:10     | Entered Level 10 of the Dungeon
  8898 | D:10     | Got a jewelled helmet
  8899 | D:10     | Identified the cursed +0 helmet of Leapfrog {rElec Int+4} (You found it on level 10 of the Dungeon)
 10254 | D:11     | Noticed an ogre mage
 10784 | Lair:1   | Entered Level 1 of the Lair of Beasts
 10786 | Lair:1   | Noticed a black mamba
 10795 | Lair:1   | Killed a black mamba
 11153 | Lair:1   | Reached XP level 11. HP: 71/84 MP: 11/11
 11208 | Lair:1   | Reached skill level 8 in Armour
 11484 | Lair:1   | Noticed a five-headed hydra
 11947 | Lair:1   | Noticed a black mamba
 11955 | Lair:1   | Killed a black mamba
 12639 | Orc:1    | Entered Level 1 of the Orcish Mines
 12639 | Orc:1    | Found a flagged portal.
 12671 | Bailey   | Entered a bailey
 12898 | Bailey   | Reached skill level 1 in Throwing
 13639 | Orc:2    | Found Vepidil's Armour Shop.
 14037 | Orc:3    | Found a staircase to the Elven Halls.
 14185 | Orc:3    | Noticed an orc warlord
 14947 | Lair:1   | Identified a scroll of acquirement
 14975 | Lair:1   | Killed a six-headed hydra
 15607 | Lair:2   | Reached skill level 1 in Evocations
 15795 | Lair:2   | Noticed Gastronok
 15900 | Lair:3   | Found a frozen archway.
 15930 | IceCv    | Entered an ice cave
 15941 | IceCv    | Reached XP level 12. HP: 84/94 MP: 12/12
 16435 | IceCv    | Reached skill level 9 in Shields
 16700 | IceCv    | Noticed a frost giant
 16702 | IceCv    | Gained mutation: You are mostly covered in rough black scales (AC +7, Dex -2). [potion of beneficial mutation]
 16712 | IceCv    | Killed a frost giant
 17105 | IceCv    | Got a transparent glaive
 17108 | IceCv    | Got a crystal halberd
 17114 | IceCv    | Identified the +7 halberd of Mutilation {flame, rC+} (You found it in an ice cave)
 17115 | IceCv    | Identified the +7 glaive "Aptiysmi" {antimagic, +Inv MP-9 Str+3 Dex-5} (You found it in an ice cave)
 17408 | Lair:3   | Found a staircase to the Snake Pit.
 18004 | Lair:4   | Found a staircase to the Swamp.
 18129 | Swamp:1  | Entered Level 1 of the Swamp
 18129 | Swamp:1  | Noticed a seven-headed hydra
 18165 | Lair:4   | Found a basalt altar of Yredelemnul.
 18178 | Lair:4   | Gained mutation: You are resistant to hostile enchantments. [potion of mutation]
 18178 | Lair:4   | Gained mutation: Your mind is acute. (Int +2) [potion of mutation]
 18178 | Lair:4   | Gained mutation: You are agile. (Dex +2) [potion of mutation]
 18179 | Lair:4   | Gained mutation: Scrolls take you a little longer to read. [potion of mutation]
 18179 | Lair:4   | Gained mutation: You are frail (-10% HP). [potion of mutation]
 18179 | Lair:4   | Lost mutation: You are agile. (Dex +2) [potion of mutation]
 18230 | Lair:4   | Got a steaming tin amulet
 18232 | Lair:4   | Identified the amulet of Tatiwnown {Gourm +Inv} (You acquired it on level 4 of the Lair of Beasts)
 18353 | Lair:4   | Reached skill level 10 in Shields
 18581 | Lair:4   | Noticed a seven-headed hydra
 18826 | Lair:4   | Killed a seven-headed hydra
 19262 | Lair:4   | Gained mutation: You are completely covered in rough black scales (AC +10, Dex -3). [demonic ancestry]
 19262 | Lair:4   | Reached XP level 13. HP: 73/90 MP: 11/14
 20289 | Lair:6   | Noticed Snorg
 20311 | Lair:6   | Killed Snorg
 20706 | Lair:6   | Got a steaming arbalest
 20743 | Lair:6   | Identified the +5 arbalest of Mana {freeze, Dex+5} (You found it on level 6 of the Lair of Beasts)
 21005 | Lair:6   | Noticed Josephine
 21014 | Lair:6   | Killed Josephine
 21014 | Lair:6   | Reached skill level 11 in Shields
 21910 | Lair:7   | Reached skill level 10 in Dodging
 21953 | Lair:7   | Found a runed door.
 21955 | Lair:7   | Noticed an acid blob
 21956 | Lair:7   | Noticed an acid blob
 21958 | Lair:7   | Found a viscous altar of Jiyva.
 21958 | Lair:7   | Found a staircase to the Slime Pits.
 21965 | Lair:7   | Found a labyrinth entrance.
 21974 | Lab      | Entered a labyrinth
 22605 | Lair:6   | HP: 4/92 [poisoned by a spiny frog]
 22607 | Lair:6   | Succumbed to a spiny frog's poison

Action                   |  1- 3 |  4- 6 |  7- 9 | 10-12 | 13-15 || total
-------------------------+-------+-------+-------+-------+-------++-------
Melee: War axe           |    68 |   126 |   324 |   543 |       ||  1061
       Broad axe         |       |       |       |   377 |   271 ||   648
       Unarmed           |       |       |       |     2 |       ||     2
Throw: Tomahawk          |       |       |       |   169 |    40 ||   209
 Abil: Evoke Invisibilit |       |       |       |     1 |       ||     1
Evoke: Wand              |       |       |     1 |    25 |    15 ||    41
  Use: Scroll            |       |       |    14 |    21 |     7 ||    42
       Potion            |       |       |    15 |    17 |     3 ||    35
  Eat: Chunk             |       |     6 |     8 |    29 |     6 ||    49
       Fruit             |       |     3 |       |    10 |       ||    13
       Beef jerky        |       |     1 |       |     2 |       ||     3
       Meat ration       |       |       |     2 |     3 |       ||     5
       Royal jelly       |       |       |       |     3 |       ||     3
       Pizza             |       |       |       |     2 |     1 ||     3
